 Dungeon Crawl Stone Soup version 0.29-a0-330-g52719c12eb (webtiles) character file.

Game seed: 10933351874576232733

5989 MalarOregon the Fighter (level 10, -4/87 HPs)
             Began as a Palentonga Fighter on Apr 18, 2022.
             Was an Elder of Fedhas.
             Killed by divine providence
             ... invoked by an orc priest
              (16 damage)
             ... on level 9 of the Dungeon.
             The game lasted 00:26:41 (10418 turns).

MalarOregon the Fighter (Palentonga Fighter)       Turns: 10418, Time: 00:26:41

Health: -4/87      AC: 25    Str: 25    XL:     10   Next: 55%
Magic:  8/10       EV:  3    Int:  8    God:    Fedhas [****..]
Gold:   478        SH:  5    Dex:  9    Spells: 9/9 levels left

rFire   . . .      SeeInvis +   p - +1 whip (venom) {mace}
rCold   . . .      Faith    .   c - +0 buckler
rNeg    . . .      Spirit   .   V - +0 plate armour
rPois   .          Reflect  .   t - +1 helmet
rElec   .          Harm     .   f - scarf {repulsion}
rCorr   .          Rampage  .   (no gloves)
Will    .....                   L - +0 barding
Stlth   ..........              (no amulet)
HPRegen 0.24/turn               Z - ring of wizardry
MPRegen 0.12/turn               r - +4 ring of slaying

@: repel missiles, curled up
A: large, rugged brown scales 3, see invisible, deformed body, roll 1, armoured
tail, reflexive curl
a: Rolling Charge, Renounce Religion, Wall of Briars, Grow Ballistomycete,
Overgrow


You were on level 9 of the Dungeon.
You worshipped Fedhas.
Fedhas was greatly pleased with you.
You visited 2 branches of the dungeon, and saw 10 of its levels.
You also visited: Sewer.

You collected 478 gold pieces.


Innate Abilities, Weirdness & Mutations

You are completely covered in rugged brown scales. (AC +3, +7% HP)
You have supernaturally acute eyesight. (SInv)
Armour fits poorly on your strangely shaped body.
You can roll at nearby foes to attack.
You have a long armoured tail.
You curl defensively after being hit. (AC +7*)


   Skills:
 + Level 8.6 Fighting
 - Level 3.7(6.0) Axes
 + Level 7.2(7.6) Maces & Flails
 + Level 7.2 Armour
 + Level 7.1 Shields


You had 9 spell levels left.
You didn't know any spells.
Your spell library contained the following spells:

 Spells                   Type           Power      Damage    Failure   Level
 Blink                    Tloc           0%         N/A       98%         2
 Lesser Beckoning         Tloc           0%         N/A       99%         3
 Freezing Cloud           Conj/Ice/Air   0%         6-21      100%        5
 Manifold Assault         Tloc           0%         N/A       100%        5
 Simulacrum               Ice/Necr       0%         N/A       100%        6
 Storm Form               Tmut/Air       0%         N/A       100%        7
 Polar Vortex             Ice            0%         N/A       100%        9

Inventory:

Hand Weapons
 p - a +1 whip of venom (weapon) {mace}
   (You took it off an orc on level 3 of the Dungeon)
 y - a +2 short sword of draining {short}
   (You took it off an orc on level 2 of the Dungeon)
 A - the +11 dagger of Watchfulness {vorpal, Dex+3, short}
   (You found it on level 4 of the Dungeon)

   It inflicts extra damage upon your enemies.
   Dex:       It affects your dexterity (+3).
 G - a +1 whip of freezing {mace}
   (You took it off Pikel on level 4 of the Dungeon)
Missiles
 e - 82 stones {throwing}
 q - 5 boomerangs {throwing}
 w - 22 poisoned darts {throwing}
 D - 2 atropa-tipped darts {throwing}
 M - a curare-tipped dart {=fthrowing}
Armour
 c - a +0 buckler (worn)
 f - a scarf of repulsion (worn)
   (You found it on level 1 of the Dungeon)
 i - a +0 chain mail
   (You took it off an orc on level 8 of the Dungeon)
 k - a +0 ring mail
   (You took it off an orc on level 8 of the Dungeon)
 t - a +1 helmet (worn)
   (You found it on level 2 of the Dungeon)
 B - a +0 leather armour
   (You took it off an orc priest on level 8 of the Dungeon)
 C - a +0 ring mail
   (You took it off an orc on level 8 of the Dungeon)
 E - a +0 plate armour
   (You took it off an orc warrior on level 8 of the Dungeon)
 I - a +0 robe
   (You took it off an orc wizard on level 8 of the Dungeon)
 L - a +0 barding (worn)
   (You found it on level 4 of the Dungeon)
 O - a +0 robe
   (You took it off a wight on level 9 of the Dungeon)
 Q - a +0 robe
   (You took it off an orc wizard on level 9 of the Dungeon)
 R - a +0 robe
   (You took it off an orc wizard on level 9 of the Dungeon)
 S - a +0 robe
   (You took it off a wight on level 9 of the Dungeon)
 V - a +0 plate armour (worn)
   (You found it on level 5 of the Dungeon)
 W - a +0 chain mail
   (You took it off an orc warrior on level 9 of the Dungeon)
 X - a +0 leather armour
   (You took it off an orc on level 9 of the Dungeon)
Jewellery
 r - a +4 ring of slaying (right hand)
   (You found it on level 1 of the Dungeon)
 z - a ring of flight
   (You found it on level 3 of the Dungeon)
 P - an amulet of the acrobat
   (You found it on level 4 of the Dungeon)
 Z - a ring of wizardry (left hand)
   (You found it in a sewer)
Wands
 b - a wand of acid (6)
   (You found it in a sewer)
 J - a wand of digging (1)
   (You found it on level 7 of the Dungeon)
Scrolls
 g - 3 scrolls of fog
 j - 4 scrolls of amnesia
 n - 2 scrolls of vulnerability {!r!r}
 s - a scroll of enchant armour
 H - 3 scrolls of teleportation {@r4}
 T - a scroll of fear
Potions
 a - a potion of degeneration {unknown}
 d - 4 potions of might
 h - 3 potions of attraction {!q}
 l - 5 potions of curing {@q1}
 m - 2 potions of resistance
 o - 2 potions of haste {unknown}
 u - 3 potions of brilliance
 x - 3 potions of cancellation
 F - 6 potions of flight
 K - a potion of heal wounds {unknown}
 N - a potion of magic {unknown}
 U - 4 potions of lignification {!q}
 Y - 2 potions of ambrosia {unknown}

Dungeon Overview and Level Annotations

Branches:
Dungeon (9/15)             Temple (1/1) D:5           Sewer (visited)
   Lair: D:8-11         Orc: D:9-12

Altars:
Ashenzari
Cheibriados
Fedhas
Gozag
Hepliaklqana
Kikubaaqudgha
Nemelex Xobeh
Okawaru
Qazlal
Ru
Sif Muna
Trog
Uskayaw
Vehumet
Wu Jian
Xom
Yredelemnul
Zin
The Shining One

Shops:
D:8

(
##############################
..........P.P...@...<........#
###.......oP########..#####..#
#..#####..# #..# #..# #..#
#..# #..# #..# #..# #..# #..#
#..# #..# #..# #..# #..# #(.#
#..# #..# #..# #..# #..# #..#
#..# *,,* *,,* *,,* #..#


You could see an orc priest (ally target).


Message History

The orc priest calls upon Beogh to heal the orc warrior.
The orc warrior is healed somewhat.
The orc priest calls upon Beogh to heal the orc warrior.
The orc warrior is healed somewhat. 😮 HP[+1]
The orc priest calls down the wrath of Beogh upon you.
Beogh smites you! 😮 HP[-13]
You take 13 damage, and now have 44/87 hp.
You are no longer corroded.
The acid dragon spits acid at you. The splash of acid hits you!!
* * * LOW HITPOINT WARNING * * *
😱 HP[-31]
You take 31 damage, and now have 13/87 hp.
MASSIVE DAMAGE!! (PAUSE)
Press: ? - help, v - describe, . - travel
Here: an acid dragon (black smoke, catching its breath)
The floor.
Unknown command.
As you read the scroll of fog, it crumbles to dust.
The scroll dissolves into smoke.
You kill the orc warrior!
Fedhas appreciates your contribution to the ecosystem.
The orc priest mumbles some strange prayers to Beogh against you.
You struggle to resist.
Okay, then.
Okay, then. 😱 HP[+1]
Aiming: Polymorph
Press: ? - help, Shift-Dir - straight line, f - acid dragon
Aim: an acid dragon (grey smoke, will become a tengu, a fire bat, or a golden eye, chance to affect: 49%)
The acid dragon evaporates and reforms as a tengu!
The now-empty wand crumbles to dust. 😱 HP[+1] 😱 HP[+1] 😱 HP[+1] 😱 HP[+1]
Press: ? - help, v - describe, . - travel
Here: a tengu The floor.
The orc priest looks braver for a moment. 😱 HP[+1] 😱 HP[+1] 😱 HP[+1]
The orc priest mumbles some strange prayers to Beogh against you.
Beogh smites you!
* * * LOW HITPOINT WARNING * * *
😱 HP[-12]
You take 12 damage, and now have 9/87 hp.
Press: ? - help, v - describe, . - travel
Here: a tengu The floor.
Unknown command.
Unknown command.
A briar patch grows up from the ground. x4
The tengu is struck by your briar patch's thorns.
The tengu hits your briar patch but does no damage.
The tengu pecks your briar patch but does no damage.
The tengu claws your briar patch. 😱 MP[-3]
You lost 3 mp, and now have 7/10 mp.
You feel better. The tengu hits your briar patch.
The tengu pecks your briar patch but does no damage.
The tengu claws your briar patch. 😱 HP[+9]
You regained 9 hp, and now have 18/87 hp.
You walk carefully through the plants.
The tengu hits your briar patch but does no damage.
The tengu pecks your briar patch but does no damage.
The tengu claws your briar patch but does no damage.
The tengu is struck by your briar patch's thorns.
The tengu dies!
Fedhas appreciates your contribution to the ecosystem.
The orc priest looks encouraged for a moment. 😱 HP[+1]
The orc priest casts a cantrip, but nothing happens.
The orc priest hits your briar patch but does no damage. 😱 HP[+1]
Something hits your briar patch but does no damage. 😱 MP[+1]
The orc priest hits your briar patch with a +0 falchion.
The orc priest is struck by your briar patch's thorns.
The orc priest hits your briar patch with a +0 falchion.
Your briar patch is destroyed!
Your briar patch disappears in a puff of smoke! 😱 HP[+1]
The orc priest calls down the wrath of Beogh upon you.
Beogh smites you!
* * * LOW HITPOINT WARNING * * *
😱 HP[-14]
You take 14 damage, and now have 7/87 hp.
You feel better.
The orc priest begins to cast a cantrip, but forgets the words! 😱 HP[+5]
You regained 5 hp, and now have 12/87 hp.
The orc priest mumbles some strange prayers to Beogh against you.
Beogh smites you!
You die...
Fedhas appreciates your contribution to the ecosystem.

Skill      XL: |  1  2  3  4  5  6  7  8  9 10 |
---------------+-------------------------------+-----
Armour         | 3 4 5 6 7 |  7.2
Shields        | 3 4 5 6 7 |  7.1
Axes           | 3 |  3.7
Fighting       | 4 5 6 7 8 |  8.6
Maces & Flails | 1 3 4 6 7 |  7.2

Action                   |  1- 3 |  4- 6 |  7- 9 | 10-12 || total
-------------------------+-------+-------+-------+-------++-------
Melee: War axe           |    75 |    73 |       |       ||   148
       Tailslap          |     5 |    11 |    49 |    40 ||   105
       Whip              |       |    49 |   338 |   180 ||   567
       Dagger            |       |       |    17 |       ||    17
Invok: Wall of Briars    |       |       |       |     1 ||     1
 Abil: Rolling Charge    |       |       |     9 |     3 ||    12
Evoke: Wand              |       |       |       |     7 ||     7
  Use: Scroll            |       |     7 |       |     8 ||    15
       Potion            |       |       |     1 |     2 ||     3
Armor: Scale mail        |    43 |    39 |       |       ||    82
       Ring mail         |       |    20 |    20 |       ||    40
       Plate armour      |       |       |   203 |   166 ||   369
Dodge: Dodged            |    35 |    46 |    56 |    28 ||   165
       Repelled          |       |       |     2 |     1 ||     3
Block: Buckler           |    16 |    29 |    78 |    44 ||   167

Levels and vault maps discovered:
D:1:      roderic_chinese_lattice_arrival, layout_loops_ring,
          hellmonk_ecumenical_altar_lost_god
D:2:      layout_basic, basic_altar, hex_medium, uniq_robin
D:3:      layout_basic, minmay_misc_feat_iff
D:4:      layout_loops_ring, gammafunk_temple_overflow_statue, uniq_pikel
D:5:      layout_basic, nemelex_dance_club_becter,
          minmay_temple_entry_enclosed_plants, gammafunk_ghost_arena,
          uniq_edmund
D:6:      layout_cave_pools, portal_sewer_entry_d, minmay_mini_ossuary
D:7:      nicolae_whirlpool, layout_basic
D:8:      layout_gridville, nicolae_vehumet_altar_sigil,
          mainiacjoe_overflow_catwalk, serial_shops,
          nicolae_shop_advertising_works [nicolae_subvault_shop_adworks]
D:9:      minmay_weird_star, layout_long_grid, kennysheep_potato
Temple:   jpeg_temple_clearing

Notes
Turn   | Place    | Note
-------+----------+-------------------------------------------
     0 | D:1      | MalarOregon the Palentonga Fighter began the quest for the
                  | Orb.
     0 | D:1      | Reached XP level 1. HP: 19/19 MP: 1/1
     0 | D:1      | magus.rc [v1.9.6]
   226 | D:1      | Reached XP level 2. HP: 25/25 MP: 2/2
   325 | D:1      | You pick up a book of Spatial Translocations and begin
                  | reading...
   325 | D:1      | You add the spells Blink, Lesser Beckoning and Manifold
                  | Assault to your library.
   443 | D:1      | Found a faded altar of an unknown god.
   487 | D:1      | Identified the -4 cloak "Bujireat" {+Inv rF+++ Str-3 Int+2}
   906 | D:2      | Reached XP level 3. HP: 18/31 MP: 3/3
  1507 | D:2      | Reached skill level 3 in Armour
  1507 | D:2      | Reached XP level 4. HP: 32/37 MP: 4/4
  1587 | D:2      | Found an iron altar of Okawaru.
  1601 | D:2      | Noticed Robin
  1626 | D:2      | Killed Robin
  1627 | D:2      | Reached skill level 3 in Shields
  1781 | D:3      | Reached skill level 3 in Axes
  1920 | D:3      | Noticed a phantom
  2004 | D:2      | Reached XP level 5. HP: 35/42 MP: 5/5
  2173 | D:3      | Reached skill level 4 in Fighting
  2635 | D:3      | Reached XP level 6. HP: 51/51 MP: 6/6
  2867 | D:3      | Identified the +3 ring mail of the Planets {Str+7}
  3152 | D:4      | Identified the +11 dagger of Watchfulness {vorpal, Dex+3}
  3168 | D:4      | Reached skill level 1 in Maces & Flails
  3284 | D:4      | Gained mutation: You curl defensively after being hit. (AC
                  | +7*) [Palentonga growth]
  3284 | D:4      | Reached XP level 7. HP: 50/58 MP: 7/7
  3366 | D:4      | Noticed Pikel
  3384 | D:4      | Killed Pikel
  3385 | D:4      | Reached skill level 5 in Fighting
  3385 | D:4      | Reached skill level 3 in Maces & Flails
  3385 | D:4      | Reached skill level 4 in Armour
  3385 | D:4      | Reached skill level 4 in Shields
  3527 | D:4      | Reached XP level 8. HP: 67/67 MP: 8/8
  4021 | D:4      | Found a shimmering altar of Xom.
  4021 | D:4      | Found a blossoming altar of Fedhas.
  4199 | D:4      | Became a worshipper of Fedhas Madash
  4240 | D:5      | Entered Level 5 of the Dungeon
  4296 | D:5      | Identified the +2 robe of Marbles {Fly rF+ Will++ Str-4
                  | Stlth+}
  4483 | D:5      | Found a sparkling altar of Nemelex Xobeh.
  4650 | D:5      | Reached skill level 6 in Fighting
  4650 | D:5      | Reached skill level 5 in Armour
  4650 | D:5      | Reached skill level 5 in Shields
  4654 | D:5      | Reached skill level 4 in Maces & Flails
  4694 | D:5      | Noticed Edmund
  4797 | D:5      | Killed Edmund
  4964 | D:5      | Reached * piety under Fedhas
  5094 | D:5      | Reached XP level 9. HP: 63/75 MP: 9/9
  5302 | D:5      | Found a transporter.
  5310 | D:5      | Noticed robertstho's ghost (novice DEIE)
  5351 | D:5      | Found a transporter.
  5585 | D:5      | Found a staircase to the Ecumenical Temple.
  5592 | Temple   | Entered the Ecumenical Temple
  5939 | D:5      | Reached skill level 5 in Maces & Flails
  6031 | D:5      | Killed robertstho's ghost
  6032 | D:5      | Reached skill level 7 in Fighting
  6319 | D:6      | Reached skill level 6 in Armour
  6355 | D:6      | Reached skill level 6 in Shields
  6454 | D:6      | Reached ** piety under Fedhas
  6561 | D:6      | Reached skill level 6 in Maces & Flails
  6657 | D:6      | Found a glowing drain.
  6667 | Sewer    | Entered a sewer
  6927 | Sewer    | Reached *** piety under Fedhas
  7585 | D:7      | Noticed a kobold demonologist
  7591 | D:7      | Killed a kobold demonologist
  7592 | D:7      | Reached XP level 10. HP: 85/85 MP: 10/10
  7907 | D:7      | Reached skill level 8 in Fighting
  8598 | D:8      | Found a shimmering blue altar of Sif Muna.
  8643 | D:8      | Reached **** piety under Fedhas
  9284 | D:8      | Found a radiant altar of Vehumet.
  9289 | D:8      | You pick up a book of Ice and begin reading...
  9289 | D:8      | You add the spells Freezing Cloud, Simulacrum and Polar
                  | Vortex to your library.
  9581 | D:8      | Found Tomusu's Antique Weapon Shop.
  9626 | D:8      | Reached skill level 7 in Armour
 10015 | D:9      | Reached skill level 7 in Maces & Flails
 10015 | D:9      | Reached skill level 7 in Shields
 10370 | D:9      | HP: 13/87 [acid dragon/splash of acid (32)]
 10404 | D:9      | HP: 9/87 [orc priest/divine providence (12)]
 10416 | D:9      | HP: 7/87 [orc priest/divine providence (14)]
 10418 | D:9      | Killed from afar by an orc priest

Vanquished Creatures
  Pikel (D:4)
  The ghost of robertstho the Magician, a novice DEIE (D:5)
  A kobold demonologist (D:7)
  2 wyverns
  2 steam dragons
  Edmund (D:5)
  2 water moccasins
  4 orc warriors
  An ice beast (D:6)
  A sky beast (D:6)
  4 black bears
  3 ogres
  6 centaurs
  2 phantoms
  A lemure (D:4)
  4 bullfrogs
  A necrophage (D:5)
  2 kobold brigands (D:8)
  2 scorpions (D:5)
  5 wights
  5 howler monkeys
  5 hounds
  8 orc priests
  4 jellies
  5 iguanas
  A merfolk siren (Sewer)
  10 orc wizards
  A merfolk avatar (Sewer)
  A mummy (D:6)
  Robin (D:2)
  14 adders
  A gnoll (D:5)
  A river rat (Sewer)
  A shadow imp (D:5)
  A white imp (D:7)
  An ufetubus (D:5)
  A dart slug (D:4)
  47 orcs
  10 ball pythons
  9 endoplasms
  4 giant cockroaches
  14 goblins
  5 hobgoblins
  13 kobolds
  8 quokkas
  3 bats
  8 frilled lizards
  3 hobgoblin zombies (D:6)
  A kobold zombie (D:6)
  30 rats
262 creatures vanquished.

Vanquished Creatures (collateral kills)
  A tengu (D:9)
1 creature vanquished.

Grand Total: 263 creatures vanquished

Table legend:
 A = Non-vault XP
 B = Vault XP
 C = Vault XP percentage of total XP
 D = Non-vault monster count
 E = Vault monster count
 F = Vault count percentage of total count
                 A         B        C        D         E       F
            +---------+---------+-------+---------+---------+-------
      Total |    6534 |    2023 |  23.6 |     193 |      69 |  26.3
            +---------+---------+-------+---------+---------+-------
        D:1 |      40 |       0 |   0.0 |      25 |       0 |   0.0
        D:2 |      96 |      26 |  21.3 |      19 |       7 |  26.9
        D:3 |     432 |       0 |   0.0 |      22 |       0 |   0.0
        D:4 |     432 |     663 |  60.5 |      24 |       1 |   4.0
        D:5 |    1222 |     770 |  38.7 |      23 |       7 |  23.3
        D:6 |    1170 |      36 |   3.0 |      22 |       6 |  21.4
        D:7 |    1561 |     264 |  14.5 |      21 |       3 |  12.5
        D:8 |     720 |       0 |   0.0 |      24 |       0 |   0.0
        D:9 |     861 |     108 |  11.1 |      13 |       1 |   7.1
      Sewer |       0 |     156 | 100.0 |       0 |      44 | 100.0
            +---------+---------+-------+---------+---------+-------

Illustrated notes

Table legend:
 A = Kills in this place as a percentage of kills in entire the game.
 B = Kills by you in this place as a percentage of kills by you in the entire game.
 C = Kills by friends in this place as a percentage of kills by friends in the entire game.
 D = Other kills in this place as a percentage of other kills in the entire game.
 E = Experience gained in this place as a percentage of experience gained in the entire game.
 F = Experience gained in this place divided by the number of levels of this place that you have seen.
                   A       B       C       D       E      F
               +-------+-------+-------+-------+-------+----------------------
         Total | 100.0 | 100.0 | 100.0 |   N/A | 100.0 | 777.9
       Dungeon |  83.2 |  83.1 | 100.0 |   N/A |  98.2 | 933.4
         Sewer |  16.8 |  16.9 |   0.0 |   N/A |   1.8 | 156.0
               +-------+-------+-------+-------+-------+----------------------

Table legend: (Time is in decaauts)
 A = Elapsed time spent in this place.
 B = Non-inter-level travel time spent in this place.
 C = Inter-level travel time spent in this place.
 D = Time resting spent in this place.
 E = Time spent auto-exploring this place.
 F = Levels seen in this place.
 G = Mean time per level.
                   A        B        C        D        E       F      G
               +--------+--------+--------+--------+--------+-----+--------+
         Total |  10474 |   9947 |    527 |   2074 |   5681 |  11 |  952.2 |
       Dungeon |   9820 |   9310 |    510 |   2054 |   5296 |   9 | 1091.1 |
        Temple |     86 |     69 |     17 |      0 |     55 |   1 |   86.0 |
         Sewer |    567 |    567 |      0 |     20 |    329 |   1 |  567.0 |
               +--------+--------+--------+--------+--------+-----+--------+

Top non-repeatable levels by time:
     D:5: 1935 daAuts
     D:7: 1474 daAuts
     D:2: 1238 daAuts
     D:4: 1112 daAuts
     D:3: 1074 daAuts
     D:8: 950 daAuts
     D:1: 895 daAuts
     D:6: 593 daAuts
   Sewer: 567 daAuts
     D:9: 545 daAuts
  Temple: 86 daAuts
